 Dungeon Crawl Stone Soup version 0.31.0-11-ge490571c62 (webtiles) character file.

Game seed: 6587154969975073573

23379 sanka the Warrior (level 12, -10/119 HPs)
             Began as a Minotaur Fighter on Feb 2, 2024.
             Was an Elder of the Shining One.
             Mangled by a fire elemental (12 damage)
             ... summoned by a deep elf pyromancer
             ... on level 14 of the Dungeon.
             The game lasted 00:17:28 (11366 turns).

sanka the Warrior (Minotaur Fighter)               Turns: 11366, Time: 00:17:29

Health: -10/119    AC: 22    Str: 23    XL:     12   Next: 71%
Magic:  14/14      EV:  9    Int:  5    God:    the Shining One [****..]
Gold:   856        SH:  5    Dex: 13    Spells: 11/11 levels left

rFire   . . .        a - +0 morningstar
rCold   . . .        c - +0 buckler
rNeg    + + .        C - +0 plate armour
rPois   .            N - +0 hat
rElec   .            u - +2 cloak {rCorr}
rCorr   +            Q - +0 pair of gloves
SInv    .            (no boots)
Will    .....        D - amulet of regeneration Stlth
                     F - ring of flight
HPRegen 1.19/turn    g - +4 ring of slaying
MPRegen 0.14/turn

%: no passive effects
@: flying, glowing
A: horns 2, retaliatory headbutt
a: Renounce Religion, Divine Shield, Cleansing Flame


You were on level 14 of the Dungeon.
You worshipped the Shining One.
The Shining One was greatly pleased with you.
You visited 2 branches of the dungeon, and saw 15 of its levels.

You collected 856 gold pieces.


Innate Abilities, Weirdness & Mutations

You have a pair of horns on your head.
You reflexively headbutt those who attack you in melee.


   Skills:
 - Level 15.0 Fighting
 - Level 12.0 Maces & Flails
 - Level 15.0 Armour
 + Level 5.1 Dodging
 + Level 6.8 Shields
 + Level 4.6 Invocations


You had 11 spell levels left.
You didn't know any spells.
Your spell library contained the following spells:

 Spells                   Type           Power      Damage    Failure   Level
 Apportation              Tloc           0%         N/A       99%         1
 Kiss of Death            Conj/Necr      0%         2d5       99%         1
 Necrotise                Necr           0%         1d4       99%         1
 Sting                    Conj/Alch      0%         1d3       99%         1
 Summon Small Mammal      Summ           0%         N/A       99%         1
 Ensorcelled Hibernation  Hex/Ice        0%         N/A       100%        2
 Scorch                   Fire           0%         2d5       100%        2
 Confusing Touch          Hex            0%         N/A       100%        3
 Fugue of the Fallen      Necr           0%         N/A       100%        3
 Ozocubu's Armour         Ice            0%         N/A       100%        3
 Passwall                 Erth           0%         N/A       100%        3
 Swiftness                Air            0%         N/A       100%        3
 Dispel Undead            Necr           0%         3d6       100%        4
 Flame Wave               Conj/Fire      0%         2d4       100%        4
 Manifold Assault         Tloc           0%         N/A       100%        4
 Summon Cactus Giant      Summ           0%         N/A       100%        6

Inventory:

Hand Weapons
 a - a +0 morningstar (weapon)
 b - a +2 morningstar of draining
Missiles
 y - 4 curare-tipped darts (quivered) {=f}
Armour
 c - a +0 buckler (worn)
 q - a +0 scale mail
 u - a +2 cloak of preservation (worn)
 C - a +0 plate armour (worn)
 N - a +0 hat (worn)
 Q - a +0 pair of gloves (worn)
Jewellery
 g - a +4 ring of slaying (right hand)
 D - an amulet of regeneration (around neck)
 F - a ring of flight (left hand)
 L - an amulet of faith
 M - a ring of resist corrosion
Wands
 h - a wand of polymorph (15)
 n - a wand of paralysis (22)
 x - a wand of iceblast (2)
 A - a wand of light (3)
 S - a wand of flame (2)
Scrolls
 i - 9 scrolls of teleportation {@r4}
 l - 5 scrolls of noise {!r}
 m - 3 scrolls of immolation {!r}
 p - 4 scrolls of revelation
 r - 4 scrolls of poison {!r}
 t - a scroll of vulnerability {unknown}
 v - 3 scrolls of enchant weapon
 G - a scroll of enchant armour {unknown}
 I - 2 scrolls of fear {unknown}
 K - a scroll of fog {unknown}
 O - a scroll of identify {@r1}
Potions
 d - 3 potions of might
 e - 6 potions of curing {@q1}
 f - 4 potions of heal wounds {unknown}
 j - a potion of mutation {unknown}
 k - 2 potions of enlightenment {unknown}
 o - 2 potions of haste {unknown}
 s - a potion of berserk rage {unknown}
 w - 5 potions of brilliance {unknown}
 z - 4 potions of degeneration {unknown}
 B - a potion of cancellation {unknown}
 E - 3 potions of resistance {unknown}
 H - a potion of lignification {unknown}
 J - a potion of magic {unknown}
 P - a potion of invisibility {unknown}
 R - a potion of attraction {unknown}

Dungeon Overview and Level Annotations

Branches:
Dungeon (14/15)            Temple (1/1) D:6            Lair (0/5) D:10
    Orc (0/2) D:9          Vaults (0/5) D:13

Altars:
Ashenzari
Cheibriados
Dithmenos
Elyvilon
Fedhas
Gozag
Hepliaklqana
Kikubaaqudgha
Makhleb
Nemelex Xobeh
Okawaru
Qazlal
Ru
Sif Muna
Trog
Uskayaw
Vehumet
Wu Jian
Xom
Yredelemnul
Zin
The Shining One

Shops:
D:1 :   D:6 :   D:12 *

Annotations:
D:5 3 runed translucent doors, eelars's ghost, novice DEHu
D:9 exclusion: downstairs
D:10 exclusions: downstairs, ice statue and orange crystal statue
D:13 exclusion: downstairs

..▒▒▒▒ ▒.▒ ........
..▒ ........▒▒▒▒..▒▒▒▒
▒.▒.▒...............
▒...▒...............
.▒..▒............▒▒▒
....▒........<.....▒
..........E..▒...▒.▒
▒....▒...eH...▒...▒.▒▒
▒.......°EE...▒......▒
▒...▒▒...............▒
▒......^...▒▒▒........
▒.▒.▒▒▒▒▒▒.▒ ▒.▒.....▒
▒ ▒.▒ ▒.▒....▒▒ ▒.▒
▒.▒.▒.▒▒ ▒.▒ ▒.▒.▒.▒
▒.▒ ▒.▒ ▒


You could see a deep elf pyromancer and 3 fire elementals.


Message History

The deep elf pyromancer mumbles some strange words.
Unknown command.
The fire elemental hits you. The fire elemental burns you!
The Shining One protects you from harm!
The deep elf pyromancer hits you with a +0 dagger.
* * * LOW HITPOINT WARNING * * *
The fire elemental completely misses you.
You furiously retaliate!
You headbutt the fire elemental! You block the fire elemental's attack.
The fire elemental barely misses you. You furiously retaliate!
You headbutt the fire elemental!
You hit the deep elf pyromancer but do no damage.
You headbutt the deep elf pyromancer, but do no damage.
The deep elf pyromancer is severely wounded.
The deep elf pyromancer misses you. The fire elemental hits you.
The fire elemental burns you!
* * * LOW HITPOINT WARNING * * *
The fire elemental closely misses you. You block the fire elemental's attack.
You block the fire elemental's attack. The fire elemental hits you.
The fire elemental burns you!
* * * LOW HITPOINT WARNING * * *
The fire elemental hits you. The fire elemental burns you!
You die...

Action                     |  1- 3 |  4- 6 |  7- 9 | 10-12 || total
---------------------------+-------+-------+-------+-------++-------
  Melee: Flail             |    88 |    15 |    78 |       ||   181
         Headbutt          |     8 |    10 |    38 |   129 ||   185
         Morningstar       |       |    41 |   166 |   394 ||   601
  Throw: Dart              |       |       |       |     1 ||     1
  Evoke: Wand              |       |       |       |     1 ||     1
    Use: Scroll            |       |     6 |     2 |     1 ||     9
         Potion            |       |       |       |     3 ||     3
 Armour: Scale mail        |    63 |    30 |   112 |       ||   205
         Plate armour      |       |       |    31 |   412 ||   443
  Dodge: Dodged            |    55 |    16 |    73 |   138 ||   282
  Block: Buckler           |    19 |    16 |    34 |    87 ||   156

Levels and vault maps discovered:
D:1:      dreamdust_arrival_sigmund_warning, layout_loops_corners, serial_shops,
          nicolae_shop_tiny_glass, chequers_serial_rivers_micro_e
D:2:      layout_basic, basic_altar, grunt_ministairs_4, minmay_pentomino_s4
D:3:      minmay_general_purpose_star, layout_loops_ring,
          kennysheep_orc_sif_temple, uniq_ijyb
D:4:      layout_rooms, serial_glass, glass_columns_a, glass_columns_c,
          glass_columns_c, glass_columns_c, glass_columns_b, glass_columns_a,
          glass_columns_a, glass_columns_b, glass_columns_a, glass_columns_c,
          kennysheep_orc_chapel, uniq_blork_the_orc, uniq_crazy_yiuf_cottage
D:5:      kennysheep_kobold_camp, layout_loops_ring, nicolae_vehumet_radiance,
          ebering_ghost_rock_garden, uniq_edmund, uniq_prince_ribbit1
D:6:      cheibrodos_fzero, layout_basic, minmay_temple_entry_wispy,
          serial_shops, nicolae_shop_mannequins, uniq_duvessa
D:7:      layout_basic, minivault_4
D:8:      layout_loops_cross
D:9:      layout_cave_pools, okawaru_trees_1, nicolae_uskayaw_dance_studio,
          orc_0_dummy
D:10:     minmay_separated_statues, layout_loops_ring,
          overflow_temple_1_default, mainiacjoe_overflow_six_doors_small,
          nicolae_overflow_two_pavilions
D:11:     layout_loops_ring, st_stairs_13, uniq_sonja, uniq_maurice,
          uniq_josephine
D:12:     layout_gridville, serial_shops, kennysheep_mini
D:13:     layout_gridville, skrybe_vaults_entry_preservation
D:14:     layout_loops_ring, tso_metal_star
Temple:   eino_temple_lava

Notes
Turn   | Place    | Note
-------+----------+-------------------------------------------
     0 | D:1      | sanka the Minotaur Fighter began the quest for the Orb.
     0 | D:1      | Reached XP level 1. HP: 19/19 MP: 0/0
    33 | D:1      | Found Qushasoh's Book Shop.
   898 | D:2      | Reached skill level 4 in Fighting
   898 | D:2      | Reached skill level 3 in Maces & Flails
   898 | D:2      | Reached XP level 2. HP: 27/27 MP: 1/1
  1059 | D:2      | Reached skill level 4 in Maces & Flails
  1059 | D:2      | Reached XP level 3. HP: 28/33 MP: 2/2
  1153 | D:2      | Found a burning altar of Makhleb.
  1789 | D:3      | Noticed Ijyb
  1798 | D:3      | Paralysed by Ijyb for 2 turns
  1805 | D:3      | Killed Ijyb
  1806 | D:3      | Reached skill level 5 in Maces & Flails
  1806 | D:3      | Reached XP level 4. HP: 32/40 MP: 3/3
  2172 | D:3      | Found a shimmering blue altar of Sif Muna.
  2398 | D:4      | Noticed a phantom
  2405 | D:3      | Reached skill level 6 in Maces & Flails
  2405 | D:3      | Reached XP level 5. HP: 43/46 MP: 4/4
  2424 | D:4      | Killed a phantom
  2425 | D:4      | Reached skill level 7 in Maces & Flails
  2442 | D:4      | Noticed Blork the orc
  2447 | D:4      | Killed Blork the orc
  2448 | D:4      | Reached XP level 6. HP: 30/52 MP: 5/5
  2704 | D:4      | Reached skill level 8 in Maces & Flails
  2823 | D:4      | Found a runed translucent door.
  2824 | D:4      | Noticed Crazy Yiuf
  3115 | D:4      | Reached skill level 9 in Maces & Flails
  3116 | D:4      | Reached XP level 7. HP: 56/59 MP: 6/6
  3232 | D:4      | Killed Crazy Yiuf
  3261 | D:5      | Entered Level 5 of the Dungeon
  3391 | D:5      | Found a runed translucent gate.
  3392 | D:5      | Found a runed translucent gate.
  3392 | D:5      | Found a runed translucent gate.
  3431 | D:5      | Noticed Edmund
  3433 | D:5      | Reached skill level 10 in Maces & Flails
  3442 | D:5      | Killed Edmund
  3472 | D:5      | Reached skill level 11 in Maces & Flails
  3564 | D:5      | Found a radiant altar of Vehumet.
  3565 | D:5      | Noticed Prince Ribbit
  3574 | D:5      | Killed Prince Ribbit
  3575 | D:5      | Reached XP level 8. HP: 63/66 MP: 7/7
  3641 | D:5      | Reached skill level 12 in Maces & Flails
  3932 | D:5      | Reached skill level 4 in Armour
  4115 | D:5      | Noticed eelars's ghost (novice DEHu)
  4507 | D:6      | Reached skill level 5 in Fighting
  4509 | D:6      | Reached skill level 5 in Armour
  4515 | D:6      | Noticed Duvessa
  4611 | D:6      | Killed Duvessa
  4670 | D:6      | Noticed Dowan
  4675 | D:6      | Killed Dowan
  4676 | D:6      | Reached skill level 6 in Fighting
  4753 | D:6      | Reached skill level 6 in Armour
  5027 | D:6      | Found a staircase to the Ecumenical Temple.
  5038 | Temple   | Entered the Ecumenical Temple
  5045 | Temple   | Became a worshipper of the Shining One
  5067 | D:6      | Reached XP level 9. HP: 64/78 MP: 8/8
  5197 | D:6      | Reached skill level 7 in Fighting
  5223 | D:6      | Reached skill level 7 in Armour
  5248 | D:6      | Found Haiptobb's Book Shop.
  5249 | D:6      | Noticed a walking frostbound tome
  5251 | D:6      | Noticed a walking crystal tome
  5596 | D:7      | Reached skill level 8 in Fighting
  5677 | D:7      | Reached skill level 8 in Armour
  6273 | D:7      | Reached skill level 9 in Fighting
  6375 | D:7      | Reached skill level 9 in Armour
  6685 | D:8      | Reached * piety under the Shining One
  6753 | D:8      | Reached XP level 10. HP: 85/92 MP: 9/9
  6993 | D:8      | Reached skill level 10 in Fighting
  7152 | D:8      | Reached skill level 10 in Armour
  7529 | D:9      | Found a staircase to the Orcish Mines.
  7547 | D:9      | Found an iron altar of Okawaru.
  7611 | D:9      | Found a hide-covered altar of Uskayaw.
  7983 | D:10     | Entered Level 10 of the Dungeon
  7997 | D:10     | Found a blossoming altar of Fedhas.
  8114 | D:10     | Found a staircase to the Lair.
  8233 | D:10     | Noticed an orange crystal statue
  8281 | D:10     | Found a glowing silver altar of Zin.
  8295 | D:10     | Reached skill level 11 in Fighting
  8308 | D:10     | Reached skill level 11 in Armour
  8314 | D:10     | Noticed a gargoyle
  8320 | D:10     | Killed a gargoyle
  8349 | D:10     | Found a stormy altar of Qazlal.
  8349 | D:10     | Found a sacrificial altar of Ru.
  8496 | D:10     | Noticed an ice statue
  8942 | D:11     | Noticed a boulder beetle
  8958 | D:11     | Killed a boulder beetle
  8969 | D:11     | Noticed Sonja
  8970 | D:11     | Reached skill level 12 in Fighting
  8972 | D:11     | Reached skill level 12 in Armour
  8973 | D:11     | Reached ** piety under the Shining One
  8975 | D:11     | Killed Sonja
  8976 | D:11     | Reached XP level 11. HP: 84/104 MP: 10/10
  9079 | D:11     | Noticed a two-headed ogre
  9083 | D:11     | Killed a two-headed ogre
  9150 | D:11     | Noticed Josephine
  9160 | D:11     | Killed Josephine
  9163 | D:11     | Reached skill level 13 in Fighting
  9169 | D:11     | Reached skill level 13 in Armour
  9289 | D:11     | Noticed Maurice
  9296 | D:11     | Maurice stole a +2 morningstar of draining
  9297 | D:11     | Maurice stole a ring of resist corrosion
  9305 | D:11     | Maurice stole 4 curare-tipped darts {=f}
  9308 | D:11     | Maurice stole 428 gold
  9311 | D:11     | Killed Maurice
  9357 | D:11     | Noticed a two-headed ogre
  9364 | D:11     | Killed a two-headed ogre
  9803 | D:12     | Noticed a purple ugly thing
  9812 | D:12     | Killed a purple ugly thing
  9865 | D:12     | Reached skill level 14 in Fighting
  9926 | D:12     | Noticed a two-headed ogre
  9927 | D:12     | Reached skill level 14 in Armour
  9933 | D:12     | Killed a two-headed ogre
  9954 | D:12     | Found Cushrysmu's Assorted Antiques.
 10031 | D:12     | Reached *** piety under the Shining One
 10176 | D:12     | Noticed a deep elf pyromancer
 10193 | D:12     | Killed a deep elf pyromancer
 10472 | D:13     | Noticed a centaur warrior
 10479 | D:13     | Killed a centaur warrior
 10480 | D:13     | Reached XP level 12. HP: 115/118 MP: 11/11
 10531 | D:13     | Noticed a two-headed ogre
 10537 | D:13     | Killed a two-headed ogre
 10538 | D:13     | Reached skill level 15 in Fighting
 10571 | D:13     | Noticed a boulder beetle
 10626 | D:13     | Killed a boulder beetle
 10627 | D:13     | Reached skill level 15 in Armour
 10627 | D:13     | Reached skill level 1 in Dodging
 10632 | D:13     | Noticed a two-headed ogre
 10644 | D:13     | Reached skill level 4 in Shields
 10644 | D:13     | Reached skill level 1 in Invocations
 10645 | D:13     | Killed a two-headed ogre
 10646 | D:13     | Reached skill level 2 in Dodging
 10661 | D:13     | Found a gate to the Vaults.
 10661 | D:13     | Noticed an ironbound preserver
 10666 | D:13     | Reached skill level 2 in Invocations
 10671 | D:13     | Killed an ironbound preserver
 10672 | D:13     | Reached skill level 5 in Shields
 10676 | D:13     | Reached skill level 3 in Dodging
 10744 | D:13     | Noticed a seven-headed hydra
 10755 | D:13     | Killed a seven-headed hydra
 10756 | D:13     | Reached skill level 3 in Invocations
 10923 | D:13     | Noticed a two-headed ogre
 10931 | D:13     | Reached **** piety under the Shining One
 10934 | D:13     | Killed a two-headed ogre
 10935 | D:13     | Reached skill level 4 in Dodging
 10935 | D:13     | Reached skill level 6 in Shields
 10980 | D:13     | Reached skill level 4 in Invocations
 11324 | D:14     | Reached skill level 5 in Dodging
 11341 | D:14     | Noticed a two-headed ogre
 11341 | D:14     | Noticed a two-headed ogre
 11341 | D:14     | Noticed a two-headed ogre
 11341 | D:14     | Noticed an ogre mage
 11341 | D:14     | Noticed a two-headed ogre
 11343 | D:14     | Noticed a five-headed hydra
 11348 | D:14     | Noticed a five-headed hydra
 11359 | D:14     | HP: 9/119 [fire elemental[a deep elf pyromancer] (5)]
 11360 | D:14     | HP: 3/119 [deep elf pyromancer/bolt of fire (6)]
 11364 | D:14     | The Shining One protects you from harm!
 11365 | D:14     | HP: 1/119 [fire elemental[a deep elf pyromancer] (8)]
 11366 | D:14     | Mangled by a fire elemental

Vanquished Creatures
  An ironbound preserver (D:13)
  Josephine (D:11)
  A hydra (D:13)
  A centaur warrior (D:13)
  2 boulder beetles
  6 two-headed ogres
  Sonja (D:11)
  A deep elf pyromancer (D:12)
  A cyclops (D:11)
  2 manticores
  Maurice (D:11)
  3 ugly things
  A gargoyle (D:10)
  2 unseen horrors
  A kobold demonologist (D:12)
  4 trolls
  2 hornets
  Prince Ribbit (D:5)
  3 slime creatures (D:13)
  6 wraiths
  2 shadows
  A vampire (D:11)
  5 yaks
  A wyvern (D:7)
  A basilisk (D:13)
  Edmund (D:5)
  9 vampire mosquitoes
  Duvessa (D:6)
  A water moccasin (D:5)
  2 acid dragons
  4 orc warriors
  3 ice beasts
  A sky beast (D:6)
  2 black bears
  4 laughing skulls
  5 boggarts (D:14)
  A wolf (shapeshifter) (D:13)
  An ogre (D:6)
  3 centaurs
  A phantom (D:4)
  3 kobold brigands
  Blork the orc (D:4)
  3 gnoll sergeants
  2 bullfrogs
  4 scorpions
  2 wights (D:10)
  Dowan (D:6)
  16 killer bees
  3 bombardier beetles
  12 howler monkeys
  3 jellies
  4 hounds
  7 orc priests
  Crazy Yiuf (D:4)
  A gnoll bouda (D:7)
  7 orc wizards
  2 sleepcaps
  Ijyb (D:3)
  2 iguanas
  8 adders
  14 gnolls
  6 white imps
  2 ufetubi (D:6)
  A dart slug (D:2)
  3 ribbon worms
  23 orcs
  5 bats
  3 endoplasms
  4 giant cockroaches
  8 goblins
  4 hobgoblins
  6 jackals
  4 quokkas
  5 ball pythons
  3 frilled lizards
  31 kobolds
  4 rats
299 creatures vanquished.
